 Dungeon Crawl Stone Soup version 0.29-a0-998-g1987434951 (webtiles) character file.

Game seed: 3225535748840869545

30 garrulousMonolith the Trooper (level 3, 0/33 HPs)
             Began as a Hill Orc Fighter on Aug 5, 2022.
             Slain by Sigmund
             ... wielding a +0 scythe
              (7 damage)
             ... on level 2 of the Dungeon.
             The game lasted 00:01:26 (1148 turns).

garrulousMonolith the Trooper (Hill Orc Fighter)    Turns: 1148, Time: 00:01:26

Health: 0/33       AC:  8    Str: 18    XL:     3   Next: 20%
Magic:  3/3        EV:  6    Int: 10    God:
Gold:   56         SH:  4    Dex: 10    Spells: 2/2 levels left

rFire   . . .      SeeInvis .   a - +0 war axe
rCold   . . .      Faith    .   c - +0 buckler
rNeg    . . .      Spirit   .   b - +0 scale mail
rPois   .          Reflect  .   (no helmet)
rElec   .          Harm     .   j - +0 cloak
rCorr   .          Rampage  .   (no gloves)
Will    .....                   (no boots)
Stlth   ..........              (no amulet)
HPRegen 0.11/turn               (no ring)
MPRegen 0.08/turn               (no ring)

@: mighty, grasped by roots, constricted
A: no striking features
a: no special abilities


You were on level 2 of the Dungeon.
You visited 1 branch of the dungeon, and saw 2 of its levels.

You collected 56 gold pieces.

Inventory:

Hand Weapons
 a - a +0 war axe (weapon)
 l - a +0 sling
Armour
 b - a +0 scale mail (worn)
 c - a +0 buckler (worn)
 j - a +0 cloak (worn)
Jewellery
 e - a ring of ice
 g - a ring of positive energy
 k - a ring of resist corrosion
Scrolls
 f - a scroll of fog {unknown}
 i - a scroll of torment {unknown}
 n - a scroll of silence {unknown}
 p - a scroll of enchant weapon {unknown}
Potions
 h - a potion of ambrosia {unknown}
 m - a potion of lignification {unknown}
 o - a potion of heal wounds {unknown}


   Skills:
 + Level 3.9 Fighting
 * Level 3.6 Axes
 + Level 3.5 Armour
 + Level 0.3 Dodging
 + Level 3.4 Shields
 + Level 1.1 Invocations


You had 2 spell levels left.
You didn't know any spells.
Your spell library contained the following spells:

 Spells                   Type           Power      Damage    Failure   Level
 Poisonous Vapours        Pois/Air       0%         N/A       93%         2
 Corpse Rot               Necr/Pois/Air  0%         N/A       100%        4


Dungeon Overview and Level Annotations

Branches:
Dungeon (2/15)

Altars:

Annotations:
D:2 Sigmund


Message History

You kill the kobold!
No target in view!
No target in view!
HP restored.
There is a stone staircase leading up here.
You now have 56 gold pieces (gained 9).
o - a cyan potion;
p - a scroll labelled CESTROH FI HEDO Sigmund the Dreaded comes into view.
He is wielding a +0 scythe and carrying a wand of roots (10).
Sigmund zaps a wand.
The roots erupt in riotous growth!
The grasping roots grab you!
Sigmund is unaffected.
The grasping roots constrict you!
Sigmund is nearby!
You feel very mighty all of a sudden.
Sigmund points at you and mumbles some strange words.
The magic dart hits you. The grasping roots constrict you.
You closely miss Sigmund.
Sigmund screams, "Die, monster!"
You block Sigmund's attack. The grasping roots constrict you.
The grasping roots release their grip on you.
You closely miss Sigmund. Sigmund hits you with a +0 scythe.
You slash Sigmund!
Sigmund is heavily wounded.
Sigmund hits you with a +0 scythe!
* * * LOW HITPOINT WARNING * * *
You barely miss Sigmund.
Sigmund is heavily wounded.
Sigmund hits you with a +0 scythe.
* * * LOW HITPOINT WARNING * * *
You barely miss Sigmund.
Sigmund is heavily wounded.
Sigmund gestures at you while chanting. You block the puff of flame.
You barely miss Sigmund.
Sigmund is heavily wounded.
Sigmund zaps a wand.
The roots erupt in riotous growth!
The grasping roots grab you!
Sigmund is unaffected.
The grasping roots constrict you.
* * * LOW HITPOINT WARNING * * *
Sigmund hits you with a +0 scythe!
You die...

###.# ...# #.# ...#
## #.#@##
#.##.##.##@#
#.......#.## #...##
#. ##.## #.#### #.#
#.#.. #.# #####.#.#
## #.#
#.....#.###... #.#
#............#
#.#####.....).......


You could see Sigmund.

Vanquished Creatures
  A worm (D:1)
  7 endoplasms
  2 goblins (D:1)
  2 hobgoblins (D:1)
  2 quokkas (D:1)
  4 ball pythons (D:1)
  2 bats (D:1)
  3 kobolds
  2 rats (D:1)
25 creatures vanquished.

Notes
Turn   | Place    | Note
-------+----------+-------------------------------------------
     0 | D:1      | garrulousMonolith the Hill Orc Fighter began the quest for
                  | the Orb.
     0 | D:1      | Reached XP level 1. HP: 19/19 MP: 1/1
   194 | D:1      | Reached XP level 2. HP: 27/27 MP: 2/2
   432 | D:1      | Reached skill level 1 in Invocations
   685 | D:1      | Reached XP level 3. HP: 27/33 MP: 3/3
   972 | D:1      | Found a faded altar of an unknown god.
  1141 | D:2      | Noticed Sigmund
  1148 | D:2      | Slain by Sigmund

Illustrated notes

Levels and vault maps discovered:
D:1:      dpeg_arrival_brainrot, layout_loops_ring,
          shapermc_ecumenical_altar_mp_vishouse
D:2:      kennysheep_big_flooded_room, layout_loops_ring, uniq_sigmund,
          uniq_terence

Skill      XL: |  1  2 |
---------------+-------+-----
Axes           | 3 |  3.6
Invocations    | 1 |  1.1
Fighting       | |  3.9
Armour         | |  3.5
Dodging        | |  0.3
Shields        | |  3.4

Action                   || total
-------------------------++-------
Melee: War axe           ||    89
  Use: Potion            ||     1
Armor: Scale mail        ||    30
Dodge: Dodged            ||    43
Block: Buckler           ||    24

Table legend: (Time is in decaauts)
 A = Elapsed time spent in this place.
 B = Non-inter-level travel time spent in this place.
 C = Inter-level travel time spent in this place.
 D = Time resting spent in this place.
 E = Time spent auto-exploring this place.
 F = Levels seen in this place.
 G = Mean time per level.
                   A        B        C        D        E       F      G
               +--------+--------+--------+--------+--------+-----+--------+
         Total |   1181 |   1160 |     21 |    140 |    776 |   2 |  590.5 |
       Dungeon |   1181 |   1160 |     21 |    140 |    776 |   2 |  590.5 |
               +--------+--------+--------+--------+--------+-----+--------+

Top non-repeatable levels by time:
     D:1: 1095 daAuts
     D:2: 85 daAuts
